 Dungeon Crawl Stone Soup version 0.30-a0-743-gbfdf073431 (webtiles) character file.

Game seed: 14112421928445843467

184 qeuew the Trooper (level 5, -8/42 HPs)
             Began as a Demonspawn Monk on Feb 6, 2023.
             Killed by divine providence
             ... invoked by an orc priest
              (12 damage)
             ... on level 3 of the Dungeon.
             The game lasted 00:03:53 (2277 turns).

qeuew the Trooper (Demonspawn Monk)                 Turns: 2277, Time: 00:03:54

Health: -8/42      AC:  9    Str: 14    XL:     5   Next: 36%
Magic:  5/5        EV: 12    Int:  9    God:
Gold:   147        SH:  0    Dex: 15    Spells: 4/4 levels left

rFire   . . .      SeeInvis .    a - +0 hand axe
rCold   . . .      Faith    .    (no shield)
rNeg    . . .      Spirit   .    e - +0 ring mail
rPois   .          Reflect  .    (no helmet)
rElec   .          Harm     .    (no cloak)
rCorr   .          Rampage  +    (no gloves)
Will    ++...                    b - +1 pair of boots of Entitlement {Rampage +Inv Will++ Int-2}
Stlth   +                        (no amulet)
HPRegen 0.27/turn                (no ring)
MPRegen 0.18/turn                (no ring)

@: no status effects
A: icy blue scales 1, magic regeneration, demonic touch 1
a: Evoke Invisibility


You were on level 3 of the Dungeon.
You visited 1 branch of the dungeon, and saw 3 of its levels.

You collected 147 gold pieces.

Inventory:

Hand Weapons
 a - a +0 hand axe (weapon)
Armour
 b - the +1 pair of boots of Entitlement (worn) {Rampage +Inv Will++ Int-2}
   (You acquired it on level 2 of the Dungeon)

   Int:       It affects your intelligence (-2).
   +Inv:      It lets you turn invisible.
   Rampage:   It bestows one free step when moving towards enemies.
   Will:      It greatly increases your willpower.
 e - a +0 ring mail (worn)
Scrolls
 d - a scroll of blinking
 f - 2 scrolls of magic mapping {unknown}
 g - a scroll of teleportation {unknown}
 i - a scroll of acquirement
Potions
 c - a potion of attraction
 h - a potion of lignification {unknown}
 j - a potion of might {unknown}
 k - a potion of degeneration {unknown}


   Skills:
 + Level 3.9 Fighting
 + Level 3.5 Axes
 + Level 2.0 Armour
 + Level 3.5 Dodging
 - Level 1.7 Stealth
 + Level 0.4 Spellcasting
 + Level 0.4 Evocations


You had 4 spell levels left.
You didn't know any spells.
Your spell library contained the following spells:

 Spells                   Type           Power      Damage    Failure   Level
 Static Discharge         Conj/Air       0%         2-2/arc   75%         2
 Vhi's Electric Charge    Tloc/Air       0%         N/A       93%         3
 Arcjolt                  Conj/Air       0%         1d10      100%        5
 Lightning Bolt           Conj/Air       0%         1d11      100%        5


Dungeon Overview and Level Annotations

Branches:
Dungeon (3/15)

Altars:


Innate Abilities, Weirdness & Mutations

You are partially covered in icy blue scales. (AC +2)
You regenerate magic rapidly.
Your touch may inflict minor irresistible damage on your foes.


Message History

You closely miss the orc.
The orc hits you from afar with a +0 trident of protection.
The orc priest casts a cantrip, but nothing happens.
You barely miss the orc. Your touch misses the orc.
The orc hits you but does no damage. The orc closely misses you. x2
The orc hits you but does no damage.
You barely miss the orc. The orc misses you. The orc hits you with a +0 club.
You closely miss the orc.
The orc hits you from afar with a +0 trident of protection.
The orc barely misses you.
You are too injured to fight recklessly!
You are too injured to fight recklessly!
You are too injured to fight recklessly!
You are too injured to fight recklessly!
You are too injured to fight recklessly!
You are too injured to fight recklessly!
You are too injured to fight recklessly!
You are too injured to fight recklessly!
You are too injured to fight recklessly!
You are too injured to fight recklessly!
You are too injured to fight recklessly!
You are too injured to fight recklessly!
You are too injured to fight recklessly!
You are too injured to fight recklessly!
You are too injured to fight recklessly!
You are too injured to fight recklessly!
You are too injured to fight recklessly!
You closely miss the orc. The orc completely misses you.
The orc hits you but does no damage.
You closely miss the orc.
The orc priest invokes the aid of Beogh against you.
Beogh smites you!
* * * LOW HITPOINT WARNING * * *
The orc hits you from afar with a +0 trident of protection.
* * * LOW HITPOINT WARNING * * *
The orc hits you with a +0 club.
* * * LOW HITPOINT WARNING * * *
The orc priest calls down the wrath of Beogh upon you.
Beogh smites you!
You die...

###### #.# #
#.# # #.# ##
#.# .#
#.########
.###
#.#......#
)..#
#.#.####.#
...######.#.#
#.#
#<........#.#
#@#
##...######.#
#o#
............#


ooo ####[######## ##)## #>....... ... ######### ### You could see 2 orc priests
and 2 orcs.

Vanquished Creatures
  2 orc priests (D:2)
  3 gnolls (D:3)
  2 adders (D:2)
  A worm (D:2)
  8 dart slugs
  2 orcs (D:1)
  5 endoplasms
  A giant cockroach (D:2)
  5 hobgoblins
  3 jackals (D:2)
  A quokka (D:2)
  5 ball pythons
  4 bats (D:1)
  4 frilled lizards
  5 goblins
  6 kobolds
  5 rats
62 creatures vanquished.

Notes
Turn   | Place    | Note
-------+----------+-------------------------------------------
     0 | D:1      | qeuew the Demonspawn Monk began the quest for the Orb.
     0 | D:1      | Reached XP level 1. HP: 18/18 MP: 1/1
   370 | D:1      | Gained mutation: Your touch may inflict minor irresistible
                  | damage on your foes. [demonic ancestry]
   370 | D:1      | Reached XP level 2. HP: 14/24 MP: 2/2
  1084 | D:2      | Reached skill level 1 in Armour
  1098 | D:2      | Reached XP level 3. HP: 11/29 MP: 3/3
  1193 | D:2      | HP: 1/29 [orc priest/nerve-wracking pain (5)]
  1199 | D:2      | Gained mutation: You are partially covered in icy blue
                  | scales. (AC +2) [demonic ancestry]
  1199 | D:2      | Reached XP level 4. HP: 12/36 MP: 4/4
  1611 | D:2      | Identified a scroll of acquirement
  1611 | D:2      | Acquired the +1 pair of boots of Entitlement {Rampage +Inv
                  | Will++ Int-2}
  1697 | D:3      | Gained mutation: You regenerate magic rapidly. [demonic
                  | ancestry]
  1697 | D:3      | Reached XP level 5. HP: 40/42 MP: 5/5
  2277 | D:3      | Killed from afar by an orc priest

Illustrated notes

Levels and vault maps discovered:
D:1:      matt_arrival_refuge, layout_basic
D:2:      layout_rooms
D:3:      kennysheep_slugbush, layout_basic

Skill      XL: |  1  2  3  4  5 |
---------------+----------------+-----
Axes           | 3 |  3.5
Armour         | 1 2 |  2.0
Dodging        | 3 |  3.5
Fighting       | |  3.9
Stealth        | |  1.7
Spellcasting   | |  0.4
Evocations     | |  0.4

Action                     |  1- 3 |  4- 6 || total
---------------------------+-------+-------++-------
  Melee: Hand axe          |    64 |   104 ||   168
         Touch             |     7 |    18 ||    25
         Punch             |     2 |       ||     2
    Use: Potion            |     2 |       ||     2
         Scroll            |     1 |     2 ||     3
   Stab: Sleeping          |     1 |     1 ||     2
 Armour: Robe              |     3 |       ||     3
         Ring mail         |    13 |    34 ||    47
  Dodge: Dodged            |    37 |    54 ||    91

Table legend: (Time is in decaauts)
 A = Elapsed time spent in this place.
 B = Non-inter-level travel time spent in this place.
 C = Inter-level travel time spent in this place.
 D = Time resting spent in this place.
 E = Time spent auto-exploring this place.
 F = Levels seen in this place.
 G = Mean time per level.
                   A        B        C        D        E       F      G
               +--------+--------+--------+--------+--------+-----+--------+
         Total |   2326 |   2235 |     91 |    144 |   1635 |   3 |  775.3 |
       Dungeon |   2326 |   2235 |     91 |    144 |   1635 |   3 |  775.3 |
               +--------+--------+--------+--------+--------+-----+--------+

Top non-repeatable levels by time:
     D:1: 1091 daAuts
     D:3: 647 daAuts
     D:2: 588 daAuts
